Map: Emerald City LE

Players

qqq - Winner!

  • Race: Zerg Zerg
  • Spawn Location: 11:00

Massa - Winner!

  • Race: Terran Terran
  • League: Platinum
  • Spawn Location: 11:00

Fleshwound

  • Race: Zerg Zerg
  • League: Diamond
  • Spawn Location: 5:00

Maximilyan

  • Race: Terran Terran
  • Spawn Location: 5:00

VOD

Have the link to the VOD?

Description

Time

  • Played on: Feb. 14, 2021, 8:35 a.m.
  • Length: 24:21
Show
View Real Time Build Order
Export as new Build Order

qqq Zerg - Winner!

Build Orders: Hatch First, Brood Lord Corruptor 

Get SALT Encoding   

  12  0:00  Drone  
  13  0:12  Drone  
  14  0:19  Overlord  
  14  0:48  Hatchery  
  13  0:54  Drone  
  14  0:58  Drone  
  15  1:19  Spawning Pool  
  15  1:21  Extractor  
  13  1:30  Drone x2  
  14  1:33  Drone  
  15  2:06  Zergling x6  
  15  2:07  Queen  
  20  2:09  Zergling x2  
  20  2:14  Zergling x2  
  22  2:31  Zergling x4  
  24  2:38  Drone x2  
  24  2:42  Metabolic Boost  
  26  2:48  Drone  
  27  2:52  Drone  
  28  3:05  Lair  
  28  3:15  Overlord  
  28  3:21  Extractor, Drone  
  28  3:25  Overlord  
  29  3:34  Drone x2  
  30  3:42  Drone x2  
  32  3:53  Queen  
  34  4:07  Drone x3  
  37  4:21  Spire  
  36  4:28  Spine Crawler, Zergling x2  
  36  4:30  Drone  
  30  4:42  Drone x3  
  30  4:43  Drone  
  35  4:45  Drone  
  35  4:47  Drone  
  36  4:54  Drone  
  36  4:55  Drone  
  38  5:05  Drone  
  38  5:06  Drone  
  40  5:12  Overlord  
  40  5:13  Overlord x2  
  40  5:17  Drone  
  41  5:24  Drone x2, Baneling Nest  
  41  5:25  Drone  
  43  5:33  Mutalisk x2  
  47  5:37  Drone  
  48  5:45  Drone  
  48  5:49  Drone x3, Extractor  
  51  5:50  Extractor  
  51  5:51  Mutalisk  
  51  5:52  Mutalisk  
  54  6:00  Mutalisk  
  54  6:01  Mutalisk  
  58  6:06  Overlord  
  57  6:18  Mutalisk  
  57  6:19  Zergling x2  
  57  6:20  Zergling x2  
  57  6:21  Drone  
  57  6:22  Drone x4  
  66  6:30  Overlord  
  66  6:31  Drone  
  67  6:41  Spore Crawler  
  67  6:45  Hatchery  
  65  7:04  Infestation Pit  
  65  7:05  Mutalisk x3  
  65  7:07  Zergling x8  
  74  7:26  Zergling x8  
  74  7:27  Zergling x2  
  77  7:32  Spine Crawler  
  76  7:40  Hatchery  
  73  7:51  Mutalisk x3, Zergling x6  
  81  8:08  Mutalisk  
  81  8:11  Hive  
  79  8:18  Hatchery  
  77  8:29  Zerg Flyer Weapons Level 1  
  77  8:38  Baneling  
  77  8:41  Baneling x5, Mutalisk  
  77  8:42  Mutalisk  
  77  8:47  Corruptor  
  83  8:52  Drone  
  83  8:55  Zergling x6  
  86  8:56  Zergling x6  
  86  8:59  Overlord  
  86  9:00  Overlord x2  
  90  9:12  Overlord x3  
  90  9:17  Queen x2  
  90  9:19  Drone x2  
  90  9:22  Spore Crawler  
  95  9:25  Viper x2  
  95  9:27  Overlord  
  95  9:30  Drone x2  
  103  9:31  Zergling x4  
  103  9:32  Zergling x2  
  103  9:33  Mutalisk  
  108  9:39  Drone  
  108  9:42  Drone  
  108  9:43  Spine Crawler  
  109  9:46  Drone  
  109  9:51  Extractor  
  109  9:52  Corruptor x2  
  113  9:58  Drone x2  
  115  10:13  Drone  
  115  10:14  Drone x2  
  114  10:27  Extractor x2  
  114  10:28  Drone  
  111  10:32  Drone  
  111  10:33  Corruptor x2  
  111  10:34  Mutalisk  
  111  10:35  Zergling x12  
  123  10:36  Zergling x4  
  123  10:38  Baneling x2  
  123  10:39  Baneling x7  
  123  10:41  Baneling  
  126  10:44  Drone  
  127  11:00  Drone x2  
  129  11:04  Hatchery  
  129  11:06  Hatchery  
  122  11:35  Overlord x6  
  122  11:36  Overlord  
  122  11:53  Zergling x6  
  122  11:54  Zergling x8  
  124  12:08  Drone x3  
  124  12:09  Drone x3  
  129  12:22  Hatchery  
  112  12:40  Viper x2  
  112  12:41  Mutalisk x2, Corruptor x2  
  112  12:43  Drone x3  
  129  12:47  Drone x3  
  131  13:14  Mutalisk x2, Corruptor x3  
  131  13:17  Greater Spire  
  141  13:21  Drone  
  141  13:22  Drone x5  
  141  13:23  Zergling x2  
  145  13:28  Spine Crawler  
  145  13:30  Spine Crawler  
  145  13:32  Spine Crawler x2  
  140  13:40  Drone  
  134  14:18  Hatchery  
  134  14:22  Zergling x10  
  134  14:23  Zergling x2  
  139  14:25  Hatchery  
  138  14:52  Brood Lord  
  138  14:53  Brood Lord x6  
  150  15:15  Hatchery  
  149  15:24  Mutalisk  
  149  15:27  Brood Lord x2  
  147  15:51  Mutalisk  
  147  15:52  Mutalisk x3  
  147  15:54  Drone  
  156  16:10  Corruptor  
  120  16:17  Zergling x4  
  99  16:19  Drone  
  86  16:28  Drone x3  
  86  16:29  Drone  
  88  16:36  Drone  
  88  16:37  Drone x2  
  91  16:51  Drone x4  
  94  16:56  Spine Crawler x2, Spore Crawler  
  94  16:58  Drone  
  94  16:59  Spore Crawler  
  91  17:04  Spine Crawler  
  91  17:07  Drone x2  
  91  17:08  Drone  
  93  17:20  Viper x2  
  93  17:21  Viper x2  
  103  17:27  Corruptor  
  80  17:30  Corruptor  
  80  17:33  Drone x2  
  80  17:35  Drone  
  82  17:45  Corruptor  
  82  17:46  Corruptor  
  82  17:49  Drone x2  
  83  18:00  Corruptor  
  58  18:14  Mutalisk  
  35  18:51  Drone x3  
  35  18:53  Extractor  
  35  18:54  Extractor  
  36  19:04  Drone  
  32  19:18  Drone  
  27  19:35  Drone x2  
  29  19:57  Drone  
  29  19:58  Drone  
  31  20:12  Drone  
  32  20:17  Hatchery  
  32  20:26  Hatchery  
  32  20:39  Spawning Pool  
  29  21:28  Zergling x6  
  32  21:35  Queen  
  34  21:42  Hatchery  
  33  22:05  Drone x3  
  37  22:22  Zergling x2  
  37  22:34  Lair  
  37  22:38  Drone  
  37  22:40  Overlord  
  37  23:15  Zergling x4  
  37  23:16  Zergling x10  
  40  23:30  Zergling x6  
  41  23:41  Drone x2  
  41  23:43  Extractor  
  41  23:45  Spine Crawler  
  41  23:46  Drone  
  42  23:48  Drone  
  42  23:54  Drone  
  39  24:08  Drone x2  
Show
View Real Time Build Order
Export as new Build Order

Massa Terran - Winner!

Build Orders:  

Get SALT Encoding   

  12  0:00  SCV  
  13  0:12  SCV  
  14  0:21  Supply Depot  
  14  0:24  SCV  
  15  0:43  SCV  
  15  0:44  Barracks  
  15  0:48  Refinery  
  16  0:55  SCV  
  17  1:07  SCV  
  18  1:20  Barracks  
  18  1:32  Marine  
  19  1:34  Supply Depot  
  19  1:36  Bunker  
  19  1:42  Orbital Command  
  19  1:49  Marine  
  20  2:08  SCV  
  21  2:09  Marine x2  
  23  2:27  Marine x2  
  25  2:30  Factory  
  25  2:36  Supply Depot  
  25  2:45  Marine x2  
  25  2:47  SCV  
  28  2:58  Command Center  
  28  3:03  Marine  
  28  3:05  SCV  
  30  3:16  Factory Tech Lab  
  30  3:17  Starport  
  30  3:21  Engineering Bay  
  30  3:24  SCV  
  30  3:26  Refinery  
  31  3:38  Widow Mine  
  31  3:39  Marine x2  
  35  3:44  SCV  
  36  3:52  Missile Turret  
  36  3:56  SCV  
  36  3:57  Starport Tech Lab  
  37  4:09  Marine x2  
  39  4:17  Banshee  
  39  4:19  Orbital Command  
  39  4:23  Refinery  
  42  4:24  Widow Mine  
  35  4:50  Siege Tank  
  38  4:53  SCV x2  
  40  5:03  Cloaking Field  
  40  5:05  SCV x2  
  42  5:12  Missile Turret  
  42  5:17  SCV x2  
  43  5:27  Widow Mine  
  43  5:28  Banshee  
  48  5:29  SCV  
  49  5:39  SCV  
  49  5:41  SCV  
  51  5:48  Supply Depot x2  
  51  5:50  Barracks, Terran Infantry Weapons Level 1  
  51  5:51  SCV, Marine  
  51  5:52  Marine  
  52  6:09  Marine  
  52  6:17  Banshee  
  54  6:32  Refinery  
  54  6:33  Refinery  
  54  6:41  SCV x2  
  56  6:49  Refinery  
  56  6:53  SCV x2  
  56  6:54  Barracks Tech Lab  
  58  6:56  Missile Turret  
  58  7:02  Armory  
  58  7:05  SCV  
  56  7:33  Medivac  
  56  7:35  Siege Tank  
  56  7:36  SCV x2  
  63  7:48  SCV x2  
  63  7:49  Terran Infantry Armor Level 1  
  65  7:53  Engineering Bay  
  65  7:59  Supply Depot  
  65  8:00  SCV x2  
  67  8:06  Command Center  
  67  8:07  Barracks  
  67  8:11  Stimpack  
  67  8:12  SCV  
  67  8:13  SCV, Marine  
  70  8:25  SCV  
  71  8:28  Missile Turret  
  71  8:34  Marine x3  
  71  8:40  Terran Infantry Weapons Level 2  
  74  8:46  Missile Turret, Terran Vehicle Weapons Level 1  
  74  8:51  Marine  
  74  8:52  Marauder, Marine  
  78  9:04  Supply Depot  
  78  9:05  Supply Depot  
  78  9:07  Supply Depot  
  78  9:18  SCV x2, Marine x2  
  82  9:25  Barracks Tech Lab  
  82  9:27  Marauder  
  82  9:30  SCV x2, Medivac  
  88  9:35  Marine x2  
  90  9:40  Planetary Fortress  
  90  9:43  SCV x2  
  92  9:48  Marauder  
  94  9:53  Marine  
  94  9:55  SCV x2  
  94  9:58  Marine  
  99  10:00  Medivac  
  101  10:07  SCV  
  101  10:09  Marine  
  101  10:10  Barracks Reactor  
  102  10:35  Marine, Siege Tank  
  105  10:36  Marauder x2  
  105  10:42  Terran Infantry Armor Level 2  
  110  10:43  Terran Vehicle Weapons Level 2  
  110  10:53  Marine  
  110  10:56  Medivac  
  110  10:57  Marine x4  
  112  11:03  SCV  
  117  11:05  Refinery  
  117  11:06  Terran Infantry Weapons Level 3  
  117  11:17  Marine x3  
  117  11:18  SCV  
  117  11:23  Marauder  
  117  11:24  Marauder  
  115  11:26  Medivac  
  115  11:27  Siege Tank  
  114  11:34  Marine x3  
  117  11:45  Refinery  
  117  11:59  Command Center  
  117  12:05  Supply Depot  
  117  12:07  Supply Depot  
  117  12:12  Missile Turret  
  117  12:26  Marauder x2  
  121  12:32  Supply Depot x2  
  121  12:33  Missile Turret  
  114  12:40  Missile Turret  
  114  12:45  Thor  
  114  12:47  Marine x3  
  114  12:48  Marauder x2  
  127  12:55  Supply Depot  
  127  12:57  Supply Depot  
  127  13:04  Marine x2  
  127  13:05  Marine  
  130  13:09  Marauder  
  130  13:25  Marauder, Marine x3  
  135  13:28  Thor  
  135  13:31  Marauder, Terran Infantry Armor Level 3  
  143  13:36  Barracks  
  143  13:37  Barracks  
  143  13:46  Marauder  
  140  14:05  SCV x3  
  141  14:17  SCV  
  141  14:18  Command Center  
  135  14:29  Command Center  
  126  14:34  Marauder x2, Marine x3  
  126  14:36  Barracks Tech Lab  
  126  14:37  Barracks Reactor  
  130  14:41  Combat Shield  
  130  14:42  Concussive Shells  
  130  14:44  Hi-Sec Auto Tracking  
  130  14:52  Marine x2  
  125  14:55  Marauder x2  
  124  15:11  Marauder, Marine x2  
  124  15:12  Marine  
  129  15:16  Marauder x2  
  133  15:29  Marine  
  133  15:33  Marauder  
  126  15:38  Marauder  
  126  15:41  Neosteel Armor, Marine x5  
  126  15:42  Thor  
  122  15:43  Medivac  
  122  15:47  Marine  
  125  15:54  Marine  
  118  16:00  Planetary Fortress  
  118  16:02  Missile Turret  
  112  16:05  Marauder x2  
  112  16:06  Marine x4  
  112  16:07  Marine  
  118  16:12  Marauder  
  118  16:13  Medivac  
  121  16:25  Thor  
  126  16:27  Marauder x2  
  130  16:33  Marauder  
  130  16:35  Orbital Command  
  113  16:48  Marauder  
  113  16:49  Marauder, Marine x2  
  119  16:55  Marauder  
  121  17:07  SCV x3  
  124  17:09  Marauder  
  124  17:10  Marauder  
  128  17:16  Marauder  
  125  17:54  Marauder x3, Marine  
  125  17:55  Marine  
  127  18:29  Marauder x2  
  98  18:52  SCV  
  95  19:04  SCV  
  95  19:06  Orbital Command  
  88  19:39  SCV  
  89  20:20  Command Center  
  44  23:34  Orbital Command  
Show
View Real Time Build Order
Export as new Build Order

Fleshwound Zerg 

Build Orders: Pool First, Swarm Host 

Get SALT Encoding   

  12  0:19  Spawning Pool  
  11  0:25  Extractor  
  10  0:30  Overlord  
  10  0:39  Drone  
  10  0:40  Drone  
  12  1:06  Zergling x6  
  15  1:16  Queen  
  17  1:22  Zergling x2  
  18  1:33  Metabolic Boost  
  18  1:44  Zergling x4  
  20  1:59  Overlord  
  19  2:37  Zergling x2  
  19  2:38  Zergling x10  
  24  2:50  Hatchery  
  23  2:55  Drone  
  25  3:05  Drone  
  25  3:10  Drone x2  
  27  3:25  Drone x2  
  27  3:27  Overlord  
  29  3:35  Extractor  
  29  3:36  Drone  
  29  3:58  Drone x3  
  29  4:00  Lair  
  32  4:08  Overlord  
  32  4:13  Drone x2  
  31  4:41  Zergling x6  
  31  4:42  Zergling x10  
  38  4:58  Nydus Network  
  37  5:02  Drone x3  
  40  5:14  Drone x2  
  42  5:27  Drone  
  42  5:28  Spire  
  42  5:38  Nydus Canal  
  42  5:40  Drone x3  
  42  5:41  Drone  
  46  5:44  Extractor  
  43  6:23  Drone x3  
  44  6:28  Drone x4  
  48  6:42  Extractor  
  48  6:43  Zerg Flyer Weapons Level 1  
  47  6:50  Overlord x4  
  47  6:51  Overlord  
  47  7:17  Mutalisk x6  
  53  7:44  Mutalisk x2  
  53  7:45  Mutalisk  
  55  7:56  Drone x2  
  55  7:57  Drone x3  
  60  8:07  Hatchery  
  60  8:09  Infestation Pit  
  60  8:11  Drone  
  60  8:12  Mutalisk  
  61  8:29  Mutalisk x2  
  65  8:40  Overlord x5  
  65  8:41  Zerg Flyer Weapons Level 2  
  65  8:59  Evolution Chamber  
  65  9:00  Drone  
  65  9:12  Drone  
  65  9:13  Drone x3  
  69  9:26  Zerg Missile Weapons Level 1  
  69  9:36  Extractor  
  69  9:37  Extractor  
  67  9:38  Hive  
  67  9:41  Mutalisk x4  
  67  9:43  Zergling x2  
  67  9:44  Zergling x8  
  76  10:14  Mutalisk x3  
  75  10:34  Drone  
  75  10:35  Drone x5  
  81  10:59  Zerg Flyer Weapons Level 3  
  81  11:03  Swarm Host  
  81  11:04  Swarm Host x4  
  84  11:07  Zergling x8  
  94  11:33  Viper x2  
  93  11:44  Swarm Host x3  
  93  11:45  Swarm Host  
  104  12:07  Swarm Host  
  104  12:08  Swarm Host x2  
  110  12:09  Hatchery  
  112  12:18  Overlord x5  
  112  12:19  Overlord x5  
  112  12:23  Drone  
  113  12:37  Nydus Canal  
  113  12:43  Swarm Host x5  
  113  12:44  Swarm Host x3  
  137  13:08  Mutalisk x2  
  137  13:09  Mutalisk x2  
  137  13:12  Drone x3  
  148  13:16  Extractor  
  147  13:22  Zerg Melee Weapons Level 1  
  147  13:23  Adrenal Glands  
  147  13:26  Zergling x10  
  150  13:46  Mutalisk x3  
  134  14:11  Mutalisk x3  
  134  14:12  Mutalisk  
  134  14:14  Zergling x2  
  134  14:15  Zergling x8  
  147  14:36  Mutalisk x4  
  145  15:00  Mutalisk x4  
  153  15:16  Zergling x14  
  160  15:31  Nydus Canal  
  102  16:37  Mutalisk  
  102  16:38  Mutalisk x8  
  102  16:39  Mutalisk x6  
  125  17:03  Mutalisk x3  
  125  17:04  Mutalisk  
  133  17:11  Hatchery  
  128  17:30  Mutalisk  
  128  17:31  Mutalisk x3  
  134  17:50  Mutalisk x2  
  128  18:01  Nydus Canal  
  58  18:50  Mutalisk  
  58  18:53  Zergling x2  
  58  18:54  Zergling x16  
  53  19:50  Hatchery  
  42  20:27  Hatchery  
  40  21:15  Drone x2  
  36  21:56  Drone x2  
  36  21:57  Drone  
  39  22:14  Drone  
  40  22:19  Spawning Pool  
  39  22:33  Drone x2  
  39  22:36  Drone  
  42  22:45  Drone  
  38  23:16  Zergling x2  
  38  23:17  Zergling x2  
  40  23:24  Drone  
  41  23:46  Drone x2  
  43  23:51  Drone  
Show
View Real Time Build Order
Export as new Build Order

Maximilyan Terran 

Build Orders: Command Center First (CC) 

Get SALT Encoding   

  12  0:00  SCV  
  13  0:12  SCV  
  14  0:19  Supply Depot  
  14  0:24  SCV  
  15  0:40  SCV  
  16  0:53  SCV  
  17  1:06  Command Center  
  17  1:07  SCV  
  18  1:19  Barracks  
  18  1:22  SCV  
  19  1:37  Barracks  
  19  1:38  SCV  
  21  2:02  Barracks  
  21  2:06  Orbital Command  
  20  2:12  Marine  
  21  2:19  Orbital Command  
  21  2:30  Refinery x2  
  21  2:31  SCV  
  21  2:32  Marine  
  21  2:36  Marine  
  24  2:44  SCV x2  
  25  2:50  Marine  
  25  2:51  Marine  
  28  2:56  SCV  
  28  2:57  SCV  
  30  3:01  Supply Depot  
  30  3:04  Barracks Tech Lab  
  30  3:08  SCV, Marine x2  
  30  3:09  SCV  
  34  3:20  SCV  
  34  3:21  SCV  
  34  3:23  Marine, Stimpack  
  34  3:26  Marine  
  38  3:28  Refinery  
  38  3:30  Refinery  
  38  3:32  SCV  
  38  3:33  SCV  
  40  3:37  Supply Depot  
  40  3:42  Marine x2  
  40  3:45  SCV x2  
  44  3:56  Factory  
  44  3:57  SCV x2  
  46  4:06  Supply Depot  
  46  4:08  Engineering Bay  
  46  4:09  SCV x2  
  48  4:15  Barracks Reactor  
  48  4:16  Barracks Reactor  
  48  4:19  Barracks  
  48  4:21  SCV x2  
  50  4:25  Supply Depot  
  50  4:44  Marauder  
  52  4:52  Barracks  
  52  4:53  Barracks, Factory Reactor  
  52  4:54  SCV  
  52  4:55  SCV  
  52  4:57  Starport  
  54  5:01  Supply Depot  
  54  5:06  SCV  
  55  5:07  SCV  
  55  5:10  Combat Shield  
  55  5:12  Barracks Tech Lab  
  56  5:15  Marine x4  
  56  5:16  Marauder  
  56  5:20  SCV  
  56  5:21  SCV  
  64  5:33  Marine x3  
  67  5:37  SCV x2  
  67  5:41  Marine x2  
  71  5:43  Terran Infantry Weapons Level 1  
  71  5:47  Medivac x2  
  75  5:53  Supply Depot  
  75  5:54  Supply Depot x2  
  75  5:55  SCV  
  75  5:56  SCV  
  77  6:03  Factory Tech Lab, Missile Turret  
  77  6:09  Barracks Reactor, Barracks Tech Lab  
  77  6:11  Marine  
  77  6:15  Marauder x2, Marine x2  
  84  6:19  Engineering Bay  
  84  6:20  Missile Turret  
  84  6:21  Medivac x2  
  88  6:33  Missile Turret  
  88  6:37  Marauder  
  90  6:41  Siege Tank  
  90  6:45  Command Center  
  93  6:51  Terran Infantry Armor Level 1  
  93  6:52  Medivac x2, Missile Turret  
  97  6:55  Missile Turret  
  97  7:02  Marine x4  
  101  7:11  Marauder  
  101  7:14  Supply Depot  
  101  7:15  Marauder  
  102  7:18  Supply Depot  
  102  7:22  Medivac  
  101  7:32  Marine, Missile Turret  
  101  7:36  Marauder, Marine x3, Medivac, Supply Depot x2  
  107  7:49  Siege Tank  
  107  7:50  SCV  
  109  7:52  Missile Turret  
  109  7:58  Orbital Command  
  109  8:00  SCV, Missile Turret  
  109  8:02  SCV  
  111  8:11  Missile Turret  
  111  8:12  SCV  
  112  8:15  SCV  
  113  8:21  Marine x5  
  113  8:22  Marine x4  
  122  8:29  SCV  
  122  8:31  SCV  
  124  8:39  Marine  
  125  8:42  Armory  
  125  8:43  SCV  
  125  8:45  Barracks  
  125  8:48  Barracks  
  126  8:50  Barracks  
  126  8:51  Supply Depot  
  126  8:52  Supply Depot  
  126  8:55  Marine x2, Medivac x2  
  130  8:56  Marauder, Marine x3, Supply Depot  
  137  9:26  Marine x7  
  137  9:27  Marauder, Marine  
  147  9:34  Barracks Reactor x2  
  147  9:35  Command Center  
  147  9:36  Missile Turret  
  147  9:37  Barracks Reactor  
  147  9:38  Missile Turret  
  147  9:40  Missile Turret  
  147  9:42  Supply Depot  
  147  9:43  Marine  
  147  9:44  Supply Depot  
  148  9:48  Medivac x2  
  148  9:50  Terran Infantry Weapons Level 2  
  152  9:53  Terran Infantry Armor Level 2  
  152  9:55  Marine x2  
  152  10:08  Marauder x2, Marine x3  
  152  10:09  Marauder  
  152  10:13  Marine x3  
  163  10:30  Marauder x2, Thor  
  163  10:31  Marine x2  
  163  10:32  Marauder, Marine x3  
  163  10:33  Marine  
  181  10:47  Marine x2  
  181  10:48  Marine x3  
  186  10:51  Marauder x2  
  186  10:54  Marauder  
  186  10:55  Planetary Fortress  
  185  10:58  SCV  
  185  11:00  Supply Depot  
  185  11:03  Marine x2  
  185  11:04  Marine x3  
  190  11:10  SCV  
  183  11:12  Marauder x2, Marine x2  
  183  11:15  Marauder  
  150  11:20  Marine x2  
  150  11:22  SCV  
  123  11:31  Marine x2  
  123  11:32  Marine x2  
  127  11:34  Marauder x2  
  127  11:35  SCV  
  127  11:36  Marauder  
  127  11:37  SCV  
  135  11:40  Marine  
  136  11:47  SCV  
  136  11:49  SCV  
  136  11:51  Marine x3  
  141  11:55  Marauder x2  
  141  11:57  Marine x2  
  141  11:58  Marauder  
  149  12:01  Marine x2  
  151  12:13  Command Center  
  151  12:17  Marauder x2  
  151  12:19  Marauder  
  151  12:21  Terran Infantry Weapons Level 3  
  157  12:22  Terran Infantry Armor Level 3  
  157  12:24  Marine, Terran Vehicle Weapons Level 1  
  157  12:25  Marine  
  158  12:34  Marine x2  
  158  12:35  Marine  
  147  12:38  Marauder x2, Marine x4  
  147  12:39  Marine x2  
  147  12:40  Marauder  
  146  12:45  Marine x3  
  149  12:52  Marine x2  
  149  12:53  Marine  
  149  12:56  Marine x6, Command Center  
  158  12:59  Marauder x2  
  158  13:02  Marauder, Marine  
  158  13:03  Marine x2  
  167  13:10  Marine  
  168  13:13  Marine x2  
  168  13:14  Marine x6  
  176  13:20  Marine x2  
  176  13:21  Marauder x2, Marine  
  176  13:23  Marauder  
  185  13:28  Marine  
  185  13:31  Marine x3  
  185  13:32  Marine x5  
  194  13:38  Marine x3  
  187  13:42  Marauder x2  
  187  13:45  Marauder  
  187  13:46  Marine  
  192  13:49  Marine x5  
  192  13:50  Marine x2  
  192  13:53  Marine  
  153  13:56  Marine  
  153  14:02  Marine x2  
  156  14:03  Marauder, Marine  
  156  14:04  Marauder  
  156  14:06  Marauder, Siege Tank  
  156  14:07  Marine  
  167  14:11  Marine  
  137  14:25  Marauder x2  
  137  14:27  Marauder  
  137  14:30  Marine x3  
  137  14:31  Marine x4  
  119  14:34  Marine x2  
  111  14:46  Marauder x2  
  111  14:49  Marauder  
  112  14:56  Marine  
  112  14:57  Marine x3  
  80  15:08  Marauder x2  
  80  15:10  Marauder  
  86  15:28  Marine x2  
  86  15:29  Marauder x2, Marine x2  
  86  15:32  Marauder  
  86  15:33  Siege Tank  
  86  15:34  Marine x5  
  100  15:40  Marine x3  
  92  15:46  Marine x3  
  85  15:50  Marauder x2  
  85  15:53  Marauder  
  68  16:08  Marine x6  
  68  16:09  Marine x2  
  67  16:12  Marauder x2, Marine x2  
  67  16:14  Marauder  
  67  16:17  Starport Reactor  
  67  16:19  Marine x2  
  61  16:26  Marine x3  
  60  16:33  Marauder x2  
  60  16:36  Marauder  
  58  16:55  Marauder x2, Marine  
  58  16:56  Marine x7  
  58  16:57  Marauder  
  72  17:10  SCV x2  
  74  17:16  Marauder x2  
  74  17:18  Marauder, Marine x2  
  74  17:19  Marine x3  
  74  17:22  SCV x2  
  87  17:27  Orbital Command, Marine x4  
  91  17:37  Marauder x2  
  94  17:49  Marine x2  
  94  17:50  Marine x7  
  103  17:59  Marauder, Marine x2  
  103  18:00  Marauder  
  103  18:03  Marine  
  104  18:18  Marine x2  
  101  18:31  Orbital Command  
  69  19:21  Orbital Command  
  64  20:16  Supply Depot  
  62  20:39  Supply Depot  
  62  21:03  Supply Depot  
  62  21:14  Supply Depot  
  62  21:16  Supply Depot  
  15  21:29  SCV  
  16  21:58  SCV  
  17  22:01  Supply Depot  
  17  22:05  Marine  
  17  22:06  Marine x4  
  22  22:10  SCV  
  22  22:13  Supply Depot  
  23  22:22  SCV  
  19  22:56  Barracks  
  18  23:00  SCV, Barracks, Factory  
  19  23:13  SCV  
  19  23:25  SCV  
  20  23:37  SCV  
Tags
 
Add a new tag
Caveats
  • Supply blocks, unpowered buildings, or Contaminate may cause inaccurate times.
  • Supply counts are checked every 10 seconds.